 Dungeon Crawl Stone Soup version 0.31-a0-233-g139696dc86 (webtiles) character file.

Game seed: 14207553559766575420

169 qw the Shooter (level 5, -1/30 HPs)
             Began as a Gargoyle Hexslinger on July 9, 2023.
             Slain by Grinder (6 damage)
             ... on level 4 of the Dungeon.
             The game lasted 00:01:00 (2318 turns).

qw the Shooter (Gargoyle Hexslinger)                Turns: 2318, Time: 00:01:01

Health: -1/30      AC: 14    Str: 12    XL:     5   Next: 50%
Magic:  6/6        EV: 10    Int: 13    God:
Gold:   204        SH:  0    Dex: 14    Spells: 5/6 levels left

rFire   . . .        Y - +1 sling
rCold   . . .        (no shield)
rNeg    + . .        d - +1 ring mail {rPois}
rPois   inf          f - +0 helmet
rElec   +            n - +0 cloak
rCorr   .            a - +0 pair of gloves
SInv    .            g - +0 pair of boots
Will    .....        (no amulet)
Stlth   +            (no ring)
HPRegen 0.25/turn    (no ring)
MPRegen 0.10/turn

%: no passive effects
@: no status effects
A: sickness immunity, AC +4, negative energy resistance 1, electricity
resistance, torment resistance 1, petrification resistance
a: no special abilities


You were on level 4 of the Dungeon.
You visited 1 branch of the dungeon, and saw 4 of its levels.

You collected 204 gold pieces.


Innate Abilities, Weirdness & Mutations

You are immune to sickness and miasma.
Your stone body is resilient. (AC +4)
You are immune to poison.
You resist negative energy. (rN+)
You are resistant to electric shocks. (rElec)
You are resistant to unholy torment.
You are immune to petrification.


   Skills:
 + Level 2.3 Fighting
 - Level 5.0 Ranged Weapons
 - Level 1.0 Armour
 - Level 1.5 Dodging
 - Level 1.0 Spellcasting
 - Level 2.6 Hexes


You had 5 spell levels left.
You knew the following spells:

 Your Spells              Type           Power      Damage    Failure   Level
a - Slow                  Hex            28%        N/A       22%         1

Your spell library contained the following spells:

 Spells                   Type           Power      Damage    Failure   Level
 Inner Flame              Hex/Fire       4%         N/A       73%         3
 Portal Projectile        Hex/Tloc       8%         N/A       73%         3
 Cause Fear               Hex            3%         N/A       91%         4

Inventory:

Hand Weapons
 Y - a +1 sling (weapon)
Armour
 a - a +0 pair of gloves (worn)
 d - a +1 ring mail of poison resistance (worn)
 f - a +0 helmet (worn)
 g - a +0 pair of boots (worn)
 n - a +0 cloak (worn)
Scrolls
 b - a scroll of identify
 c - a scroll of blinking {unknown}
Potions
 e - a potion of berserk rage {unknown}
 h - a potion of heal wounds {unknown}
 i - a potion of lignification {unknown}
 j - 3 potions of curing
 k - a potion of degeneration {unknown}
 l - a potion of haste {unknown}
 m - a potion of mutation {unknown}

Dungeon Overview and Level Annotations

Branches:
Dungeon (4/15)
 Temple: D:4-7

Altars:
Zin

Annotations:
D:4 Grinder


Message History

The iguana hisses angrily.
The sling bullet hits Grinder but does no damage.
Grinder is lightly wounded.
You shoot a sling bullet. The sling bullet barely misses Grinder.
Grinder hits you.
You shoot a sling bullet. The sling bullet hits Grinder!
Grinder is moderately wounded.
Grinder barely misses you.
You shoot a sling bullet.
The sling bullet closely misses Grinder.
The sling bullet barely misses the iguana.
Grinder gestures at you. Pain shoots through your body!
Grinder barely misses you.
You shoot a sling bullet. The sling bullet barely misses Grinder.
Grinder says, "What is the universe for?"
Grinder hits you.
You writhe in agony.
You shoot a sling bullet. The sling bullet hits Grinder.
Grinder is heavily wounded.
The iguana barely misses you. Grinder hits you.
You shoot a sling bullet.
The sling bullet hits Grinder but does no damage.
Grinder is heavily wounded.
Grinder gestures at you.
You suddenly lose the ability to move!
The iguana bites you but does no damage.
Grinder hits you but does no damage. The iguana bites you.
Grinder gestures at you. You resist with significant effort.
The iguana bites you but does no damage.
You can move again.
You shoot a sling bullet. The sling bullet barely misses Grinder.
Grinder closely misses you. The iguana closely misses you.
Grinder gestures at you. Pain shoots through your body!
The iguana bites you but does no damage.
You shoot a sling bullet.
The sling bullet hits Grinder but does no damage.
Grinder is heavily wounded.
The iguana completely misses you. Grinder hits you.
You die...

###########
#####...##....#####
..................#
.......#####......#
...#####...#####..#
...'....._.....'..#
.#.#####...#####@.#
.#.....## #...5l.#
.%.........!......#
.##########.#.#####
.#### #. #. #...# .
#...###### .
#...##...#..
.....'...+


You could see Grinder and an iguana.

Vanquished Creatures
  A bullfrog (D:3)
  4 adders
  A dart slug (D:4)
  4 bats
  6 endoplasms
  2 giant cockroaches (D:2)
  8 goblins
  8 hobgoblins
  3 jackals (D:4)
  4 quokkas
  6 ball pythons
  2 frilled lizards (D:1)
  6 kobolds
  7 rats
62 creatures vanquished.

Notes
Turn   | Place    | Note
-------+----------+-------------------------------------------
     0 | D:1      | qw the Gargoyle Hexslinger began the quest for the Orb.
     0 | D:1      | Reached XP level 1. HP: 12/12 MP: 2/2
     0 | D:1      | 0 ||| qw: Version: 0.3-a-51-g015441d
     0 | D:1      | 0 ||| qw: Game counter: 3822
     0 | D:1      | 0 ||| qw: Melee chars always use a shield: true
     0 | D:1      | 0 ||| qw: God list: Okawaru
     0 | D:1      | 0 ||| qw: Allow faded altars: false
     0 | D:1      | 0 ||| qw: Do Orc after clearing Dungeon:15 true
     0 | D:1      | 0 ||| qw: Do second Lair branch before Depths: true
     0 | D:1      | 0 ||| qw: Lair rune preference: random
     0 | D:1      | 0 ||| qw: Goals: Normal
     0 | D:1      | 0 ||| PLANNING D:1-11
   207 | D:1      | Reached XP level 2. HP: 16/16 MP: 3/3
   482 | D:1      | Reached skill level 3 in Ranged Weapons
   714 | D:1      | 714 ||| UPGRADING to +1 ring mail of poison resistance.
   724 | D:1      | 724 ||| DROPPING +0 robe.
   725 | D:1      | 725 ||| UPGRADING to +0 helmet.
   730 | D:1      | 730 ||| UPGRADING to +0 cloak.
   735 | D:1      | 735 ||| READING scroll labelled HID ZI OSAFFUNK.
   736 | D:1      | 736 ||| READING scroll labelled LEUSAIFRULI.
   737 | D:1      | 737 ||| READING scroll labelled UMINAMOE RUREL.
   738 | D:1      | 738 ||| DROPPING scroll of poison.
   778 | D:2      | Reached XP level 3. HP: 21/21 MP: 4/4
   937 | D:2      | Reached skill level 1 in Armour
  1255 | D:2      | Reached XP level 4. HP: 25/26 MP: 5/5
  1323 | D:2      | 1323 ||| READING scroll labelled ACAEWN FALOF.
  1328 | D:2      | 1328 ||| DRINKING 4 white potions.
  1329 | D:2      | 1329 ||| READING 2 scrolls of identify.
  1329 | D:2      | 1329 ||| IDENTIFYING puce potion
  1330 | D:2      | 1330 ||| DROPPING potion of brilliance.
  1371 | D:3      | 1371 ||| STAIRDANCE
  1406 | D:3      | Noticed a bullfrog
  1419 | D:3      | Killed a bullfrog
  1420 | D:3      | Reached skill level 4 in Ranged Weapons
  1420 | D:3      | Reached XP level 5. HP: 10/30 MP: 6/6
  2060 | D:3      | Reached skill level 5 in Ranged Weapons
  2123 | D:3      | 2123 ||| UPGRADING to +0 pair of gloves.
  2128 | D:3      | 2128 ||| UPGRADING to +0 pair of boots.
  2133 | D:3      | 2133 ||| READING scroll labelled VIPORGH VUFURR.
  2285 | D:4      | Found a glowing silver altar of Zin.
  2306 | D:4      | Noticed Grinder
  2314 | D:4      | Paralysed by Grinder for 3 turns
  2317 | D:4      | HP: 5/30 [Grinder/nerve-wracking pain (6)]
  2318 | D:4      | Slain by Grinder

Levels and vault maps discovered:
D:1:      dpeg_arrival_rooms_b, layout_basic
D:2:      kennysheep_big_flooded_room, layout_basic
D:3:      layout_loops_ring
D:4:      layout_basic, nicolae_uskayaw_dance_hall,
          mainiacjoe_overflow_alcove_2, mainiacjoe_overflow_surrounded_room,
          nicolae_letterblocks [nicolae_letter_subblock,
          nicolae_letter_subblock, nicolae_letter_subblock,
          nicolae_letter_subblock, nicolae_letter_subblock,
          nicolae_letter_subblock, nicolae_letter_subblock,
          nicolae_letter_subblock, nicolae_letter_subblock,
          nicolae_letter_subblock, nicolae_letter_subblock,
          nicolae_letter_subblock, nicolae_letter_subblock,
          nicolae_letter_subblock, nicolae_letter_subblock,
          nicolae_letter_subblock, nicolae_letter_subblock,
          nicolae_letter_subblock, nicolae_letter_subblock,
          nicolae_letter_subblock, nicolae_letter_subblock,
          nicolae_letter_subblock, nicolae_letter_subblock,
          nicolae_letter_subblock, nicolae_letter_subblock], uniq_grinder

Skill      XL: |  1  2  3  4  5 |
---------------+----------------+-----
Ranged Weapons | 3 4 5 |  5.0
Fighting       | 2 |  2.3
Armour         | 1 |  1.0
Dodging        | |  1.5
Spellcasting   | |  1.0
Hexes          | |  2.6

Action                     |  1- 3 |  4- 6 || total
---------------------------+-------+-------++-------
   Fire: Sling             |   125 |   118 ||   243
    Use: Scroll            |     3 |     3 ||     6
         Potion            |       |     1 ||     1
 Armour: Robe              |     2 |       ||     2
         Ring mail         |    30 |    47 ||    77
  Dodge: Dodged            |    33 |    56 ||    89

Table legend:
 A = Non-vault XP
 B = Vault XP
 C = Vault XP percentage of total XP
 D = Non-vault monster count
 E = Vault monster count
 F = Vault count percentage of total count
                 A         B        C        D         E       F
            +---------+---------+-------+---------+---------+-------
      Total |     238 |       4 |   1.7 |      60 |       2 |   3.2
            +---------+---------+-------+---------+---------+-------
        D:1 |      33 |       0 |   0.0 |      21 |       0 |   0.0
        D:2 |      52 |       4 |   7.1 |      16 |       2 |  11.1
        D:3 |     137 |       0 |   0.0 |      16 |       0 |   0.0
        D:4 |      16 |       0 |   0.0 |       7 |       0 |   0.0
            +---------+---------+-------+---------+---------+-------
